[Event "CCT Chessable Masters Place D-II 2024"]
[Site "Online"]
[Date "2024.02.01"]
[Round "2"]
[White "LevonAronian"]
[Black "Lysyj, Igor"]
[Result "1-0"]
[ECO "C50"]
[WhiteElo "2726"]
[BlackElo "2589"]
[Annotator "TA"]
[PlyCount "127"]
[EventDate "2024.01.12"]
[EventType "k.o."]
[EventCountry "NET"]
[SourceTitle "playchess.com"]
[Source "ChessBase"]
[SourceQuality "1"]
[TimeControl "600+2"]

1. e4 e5 2. Nf3 Nc6 3. Bc4 Bc5 4. d3 Nf6 5. a4 d6 6. a5 {[%emt 0:00:04] C50: Hungarian Defence and Giuoco Pianissimo.} a6 7. c3 Ba7 8. O-O O-O 9. Be3 Bxe3 10. fxe3 Ne7 11. Nbd2 Ng6 12. b4 $1 $146 {[%emt 0:00:03][%mdl 8] A top novelty.} ({Predecessor:} 12. d4 Qe7 13. Qc2 Be6 14. Bd3 Rae8 15. b4 Bd7 16. Rae1 h6 17. c4 Qd8 18. d5 {½-½ Warakomski,T (2541)-Van Foreest,L (2589) POL-chT Ekstraliga 2022 (8.5)}) 12... b5 13. axb6 cxb6 14. d4 Bb7 15. d5 Qc7 16. Rc1 a5 17. Bd3 Rfb8 18. h3 Bc8 19. Kh2 Bd7 20. Qe2 Qd8 21. Nc4 Be8 22. Nfd2 Rc8 23. Ra1 h6 24. Rfb1 a4 25. Rc1 Qc7 26. Na3 Qd8 27. Bb5 Ne7 28. c4 Bd7 29. Rf1 Ng6 30. Qd1 Nf8 31. Bxd7 Qxd7 (31... N8xd7 $142 32. Nb5 Ne8) 32. Nb5 (32. Rxf6 $142 gxf6 33. Nf1) 32... N8h7 $16 33. Rxa4 Rxa4 34. Qxa4 Ng5 35. Nc3 ({White must play} 35. Rxf6 $1 $16 gxf6 36. Qa6) 35... Qxa4 $1 $11 36. Nxa4 Ngxe4 (36... Nfxe4 $11 37. Nxe4 (37. Nxb6 Nxd2 38. Rd1 Rb8 $19) 37... Nxe4 38. Nxb6 Rb8) 37. Nxe4 (37. Nxb6 $14 Rb8 (37... Nxd2 $2 38. Rxf6 Rd8 39. Rf2 $18) 38. Rxf6 (38. Nxe4 Nxe4 39. c5 dxc5 $11) 38... Nxf6 39. c5) 37... Nxe4 $11 38. Rc1 Rb8 (38... b5 $5 39. Nb6 $8 Rb8 $11 (39... Rc7 40. c5 $11)) 39. g4 b5 40. Nc3 Nxc3 41. Rxc3 bxc4 42. Rxc4 g6 43. Kg3 f5 44. gxf5 gxf5 45. Kf3 Kg7 46. Rc7+ Kg6 47. Rc6 Rxb4 (47... h5 $11) 48. Rxd6+ $16 Kg5 49. Re6 Rh4 $2 (49... e4+ $16 {is more resistant.} 50. Kg3 f4+ 51. exf4+ Kf5) 50. Rxe5 $18 Rxh3+ 51. Kg2 Rh4 52. d6 Ra4 {[%emt 0:00:03] [#]} 53. Rd5 $1 (53. d7 Ra2+ 54. Kf3 Rd2 $11) 53... Ra8 54. e4 Kf4 55. d7 (55. Rxf5+ Kxe4 56. Rh5 Rg8+ 57. Kh2 Rg6 $11) 55... Rd8 {[%emt 0:00:03] [#]} 56. e5 $1 ({And not} 56. Rxf5+ Kxe4 57. Rf7 Kd5 $11) 56... Kg5 57. Kf3 Kg6 58. Kf4 Kf7 59. Kxf5 Ke7 60. e6 h5 61. Rd4 Rh8 62. Kg6 h4 63. d8=Q+ ({Worse is} 63. Kg7 Rd8 $11) 63... Rxd8 64. Rxd8 ({Stronger than} 64. Rxh4 Kxe6 65. Kg5 Rf8 $11) 1-0

[Event "CCT Chessable Masters Place D-II 2024"]
[Site "Online"]
[Date "2024.02.01"]
[Round "2"]
[White "jefferyx"]
[Black "Shevchenko, Kirill"]
[Result "1-0"]
[ECO "E73"]
[WhiteElo "2674"]
[BlackElo "2651"]
[Annotator "ChessBase"]
[PlyCount "137"]
[EventDate "2024.01.12"]
[EventType "k.o."]
[EventCountry "NET"]
[SourceTitle "playchess.com"]
[Source "ChessBase"]
[SourceQuality "1"]
[TimeControl "600+2"]

1. d4 Nf6 2. c4 g6 3. Nc3 Bg7 4. e4 d6 5. Be2 O-O 6. Be3 e5 7. d5 Na6 8. h4 Nc5 9. Bxc5 dxc5 10. h5 Ne8 11. Qd2 Nd6 12. Nf3 a6 13. a3 Bg4 14. hxg6 hxg6 15. b4 b6 16. Qe3 Bxf3 17. Qxf3 Qg5 18. Qh3 Rfb8 19. Rb1 cxb4 20. axb4 a5 21. bxa5 Rxa5 22. O-O Rd8 23. Qd3 Bh6 24. Nb5 Nxb5 25. cxb5 Bf8 26. Ra1 Rda8 27. Rxa5 Rxa5 28. g3 Bc5 29. Bd1 Ra2 30. Bb3 Rb2 31. Qf3 Qe7 32. d6 cxd6 33. Kg2 Kg7 34. Bc4 Bd4 35. Qa3 Qc7 36. Bd5 Qd7 37. Bc6 Qe6 38. Qf3 Qe7 39. Qa3 Rc2 40. Qd3 Rc3 41. Qe2 Qg5 42. Rd1 Rb3 43. Rd2 Rb1 44. Bd7 Qh6 45. Bh3 Qh5 46. Qxh5 gxh5 47. Bd7 Kf6 48. f4 Rg1+ 49. Kh3 Rf1 50. Kg2 Rg1+ 51. Kh3 Ke7 52. Bc6 Be3 53. Rg2 Rh1+ 54. Rh2 Rxh2+ 55. Kxh2 exf4 56. Kg2 Bc1 57. Kf3 fxg3 58. Kxg3 Bg5 59. Bb7 Kf6 60. Bd5 Kg7 61. Bb7 Be7 62. Kf4 Kg6 63. Bc8 Bg5+ 64. Kf3 Kf6 65. Bd7 Ke5 66. Be8 Ke6 67. Kg3 Be7 68. Kf4 Bf6 69. Kg3 1-0

[Event "CCT Chessable Masters Place D-II 2024"]
[Site "Online"]
[Date "2024.02.01"]
[Round "2"]
[White "Shevchenko, Kirill"]
[Black "jefferyx"]
[Result "0-1"]
[ECO "C65"]
[WhiteElo "2651"]
[BlackElo "2666"]
[Annotator "ChessBase"]
[PlyCount "126"]
[EventDate "2024.01.12"]
[EventType "k.o."]
[EventCountry "NET"]
[SourceTitle "playchess.com"]
[Source "ChessBase"]
[SourceQuality "1"]
[TimeControl "600+2"]

1. e4 e5 2. Nf3 Nc6 3. Bb5 Nf6 4. d3 Bc5 5. Bxc6 dxc6 6. Nbd2 Be6 7. O-O Bd6 8. b3 c5 9. Nc4 Bxc4 10. bxc4 Nd7 11. Rb1 b6 12. g3 Nf8 13. Bb2 Ng6 14. h4 h5 15. Ne1 Qd7 16. Qf3 Ne7 17. Ng2 Nc6 18. Ne3 Nd4 19. Qg2 O-O-O 20. f4 f6 21. Nf5 Nc6 22. Rf2 Kb8 23. Bc3 Rde8 24. Kh1 Nd4 25. Bxd4 cxd4 26. Nxd6 Qxd6 27. Rb3 f5 28. exf5 exf4 29. Rxf4 Re1+ 30. Kh2 Rhe8 31. Re4 R8xe4 32. dxe4 Qe5 33. Rf3 Rxe4 34. Kh3 Kc8 35. c5 Qxc5 36. f6 gxf6 37. Rxf6 Qe7 38. Qf3 Re3 39. Qa8+ Kd7 40. Qc6+ Kd8 41. Qd5+ Qd7+ 42. Rf5 Qxd5 43. Rxd5+ Ke7 44. Rxd4 Rc3 45. Rd2 a5 46. Kg2 a4 47. Kf2 Ke6 48. Kg2 b5 49. Kf2 b4 50. Kg2 c5 51. Kf2 Ra3 52. g4 hxg4 53. h5 Rh3 54. Kg2 Rxh5 55. Kg3 Rd5 56. Rf2 Rd4 57. Rf8 Rc4 58. Rf2 Ke5 59. Rd2 a3 60. Re2+ Kd4 61. Kxg4 Kc3+ 62. Kf3 Kb2 63. Ke3 Rxc2 0-1

[Event "CCT Chessable Masters Place D-II 2024"]
[Site "Online"]
[Date "2024.02.01"]
[Round "2"]
[White "Micki-taryan"]
[Black "kpio91"]
[Result "1-0"]
[ECO "E73"]
[WhiteElo "2621"]
[BlackElo "2422"]
[Annotator "NA"]
[PlyCount "79"]
[EventDate "2024.01.12"]
[EventType "k.o."]
[EventCountry "NET"]
[SourceTitle "playchess.com"]
[Source "ChessBase"]
[SourceQuality "1"]
[TimeControl "600+2"]

1. d4 Nf6 2. c4 g6 3. Nc3 Bg7 4. e4 d6 5. Be2 O-O 6. Be3 a6 7. h4 h5 8. f3 c6 9. a4 a5 10. Qd2 Na6 11. Nh3 Qc7 12. Nf2 e5 13. d5 Nc5 14. Ra3 Nh7 15. g4 f5 16. exf5 gxf5 17. gxh5 Qe7 18. h6 Bf6 19. Rg1+ Kh8 20. Bg5 Bd7 21. f4 Rg8 22. Nh3 exf4 23. Bxf4 Rxg1+ 24. Nxg1 Bxh4+ 25. Kd1 Bg5 26. Nf3 Bxf4 27. Qxf4 Rg8 28. Nd4 Qf6 29. Nb3 Rg1+ 30. Kc2 b6 31. Nxc5 dxc5 32. Rb3 Qd4 33. Qc7 Nf6 34. Rxb6 f4 35. Rb8+ Kh7 36. dxc6 f3 37. cxd7 Nxd7 38. Bxf3 Rf1 39. Be4+ Kxh6 40. Qh2+ 1-0

[Event "CCT Chessable Masters Place D-II 2024"]
[Site "Online"]
[Date "2024.02.01"]
[Round "2"]
[White "GMBenjaminBok"]
[Black "Grischuk, Alexander"]
[Result "1-0"]
[ECO "D45"]
[WhiteElo "2614"]
[BlackElo "2732"]
[Annotator "TA"]
[PlyCount "83"]
[EventDate "2024.01.12"]
[EventType "k.o."]
[EventCountry "NET"]
[SourceTitle "playchess.com"]
[Source "ChessBase"]
[SourceQuality "1"]
[TimeControl "600+2"]

1. d4 d5 2. c4 c6 3. Nc3 Nf6 4. e3 e6 5. Nf3 Nbd7 6. Qc2 Bd6 7. b3 O-O 8. Be2 b6 9. O-O Bb7 10. Bb2 Rc8 11. Rad1 c5 12. cxd5 exd5 13. dxc5 bxc5 14. Qf5 Qe7 15. Rfe1 {[%emt 0:02:08] The position is equal.} Qe6 16. Bd3 (16. Qxe6 {simplifies} fxe6 17. Bd3 h6 18. h3) 16... h6 17. Bb1 Rfe8 18. Ne2 Rcd8 19. Ng3 Qxf5 20. Nxf5 Bf8 21. Rc1 a5 22. Bd3 Re6 23. Bb5 Bc6 24. N3d4 Bxb5 25. Nxb5 {[%emt 0:00:00] [#]} a4 $1 26. bxa4 Ra6 27. Red1 Rb8 28. Ba1 g6 29. Ng3 ({Don't blunder} 29. Nc7 $2 Rc6 (29... Rxa4 30. Ng3 $17) 30. Nxh6+ (30. Bxf6 $2 Nxf6 31. Nxd5 gxf5 $19) 30... Bxh6 31. Nxd5 Bf8 $19) 29... Rxa4 30. Nc3 Ra3 31. Nxd5 Nxd5 32. Rxd5 Nb6 33. Rd2 Rba8 34. Rcc2 ({Better is} 34. Ne4 $16 {Hoping for Nf6+.} Rxa2 35. Nf6+ Kg7 36. Rxa2 Rxa2 37. Ng4+ Kh7 38. Nf6+ Kg7 39. Be5) 34... R8a4 35. h3 (35. Bf6 $14) 35... Rc4 (35... f5 $11) 36. Rxc4 $16 Nxc4 37. Rc2 Nb6 38. Ne4 {[%emt 0:00:02] [#] Nf6+ would now be deadly.} f5 (38... Nd7 $16) 39. Nxc5 $18 Bxc5 $2 (39... Nd5 40. Nd7 Bg7) 40. Rxc5 Rxa2 41. Bd4 Nd7 $2 (41... g5 42. Rxf5 Nd7) 42. Rc7 {[%emt 0:00:03] Weighted Error Value: White=0.11 (very precise) /Black=0.25 (precise) .  Mistake:       	White=2     	Black=4      Inaccurate:     	White=1     	Black=4      OK:         	White=11    	Black=9      Best:        	White=2     	---} 1-0

[Event "CCT Chessable Masters Place D-II 2024"]
[Site "Online"]
[Date "2024.02.01"]
[Round "2"]
[White "Paravyan, David"]
[Black "Vokhidov, Shamsiddin"]
[Result "1/2-1/2"]
[ECO "B47"]
[WhiteElo "2612"]
[BlackElo "2596"]
[Annotator "ChessBase"]
[PlyCount "81"]
[EventDate "2024.01.12"]
[EventType "k.o."]
[EventCountry "NET"]
[SourceTitle "playchess.com"]
[Source "ChessBase"]
[SourceQuality "1"]
[TimeControl "600+2"]

1. e4 c5 2. Nf3 e6 3. d4 cxd4 4. Nxd4 Nc6 5. Nc3 Qc7 6. Nxc6 dxc6 7. f4 e5 8. f5 Nf6 9. Qf3 b5 10. a4 b4 11. Nd1 Bc5 12. Bc4 O-O 13. Be3 Qe7 14. Nf2 Rd8 15. O-O Bxe3 16. Qxe3 Rd4 17. Be2 Qc5 18. c3 bxc3 19. bxc3 Rc4 20. Qxc5 Rxc5 21. Rfc1 Ra5 22. g4 h6 23. h4 g5 24. fxg6 fxg6 25. Rd1 Kf7 26. Rd6 g5 27. hxg5 hxg5 28. Rxc6 Bd7 29. Rc7 Rc8 30. Rxc8 Bxc8 31. Bb5 a6 32. Bc4+ Ke7 33. Be2 Bd7 34. Kg2 Bc6 35. Kf3 Rc5 36. c4 Ra5 37. Bd1 Nd7 38. Nd3 Nf6 39. Nf2 Nd7 40. Nd3 Nf6 41. Nf2 1/2-1/2

[Event "CCT Chessable Masters Place D-II 2024"]
[Site "Online"]
[Date "2024.02.01"]
[Round "2"]
[White "Vokhidov, Shamsiddin"]
[Black "Paravyan, David"]
[Result "1/2-1/2"]
[ECO "C42"]
[WhiteElo "2596"]
[BlackElo "2612"]
[Annotator "ChessBase"]
[PlyCount "62"]
[EventDate "2024.01.12"]
[EventType "k.o."]
[EventCountry "NET"]
[SourceTitle "playchess.com"]
[Source "ChessBase"]
[SourceQuality "1"]
[TimeControl "600+2"]

1. e4 e5 2. Nf3 Nf6 3. Nxe5 d6 4. Nf3 Nxe4 5. d4 d5 6. Bd3 Bd6 7. O-O O-O 8. c4 c6 9. Re1 Bf5 10. Qb3 Na6 11. cxd5 cxd5 12. Nc3 Nb4 13. Bb1 Re8 14. a3 Nc6 15. Qxb7 Nxd4 16. Nxd4 Nxc3 17. Rxe8+ Qxe8 18. Be3 Bxb1 19. bxc3 Be4 20. Re1 Qb8 21. Qxb8+ Rxb8 22. Nc6 Rc8 23. Nxa7 Rxc3 24. Nb5 Rc6 25. f3 Bd3 26. Nxd6 Rxd6 27. Bd4 f6 28. a4 Rc6 29. Rd1 Bc2 30. Rc1 Bxa4 31. Rxc6 Bxc6 1/2-1/2

[Event "CCT Chessable Masters Place D-II 2024"]
[Site "Online"]
[Date "2024.02.01"]
[Round "2"]
[White "Indjic, Aleksandar"]
[Black "shimastream"]
[Result "0-1"]
[ECO "A11"]
[WhiteElo "2595"]
[BlackElo "2634"]
[Annotator "ChessBase"]
[PlyCount "54"]
[EventDate "2024.01.12"]
[EventType "k.o."]
[EventCountry "NET"]
[SourceTitle "playchess.com"]
[Source "ChessBase"]
[SourceQuality "1"]
[TimeControl "600+2"]

1. Nf3 d5 2. e3 Nf6 3. c4 c6 4. Nc3 a6 5. Qc2 g6 6. b3 Bg7 7. Bb2 O-O 8. h3 b5 9. Be2 Bf5 10. Qc1 dxc4 11. bxc4 bxc4 12. Bxc4 c5 13. Ne5 Qc7 14. f4 Nc6 15. Nxc6 Qxc6 16. O-O Rfd8 17. Rf2 Rab8 18. g4 Bd3 19. Bxd3 Rxd3 20. Rb1 Rbd8 21. Ba3 Ne4 22. Nxe4 Qxe4 23. Bb2 Rxd2 24. Bxg7 Qxe3 25. Qe1 Qg3+ 26. Kf1 Qxh3+ 27. Kg1 Qxg4+ 0-1

[Event "CCT Chessable Masters Place D-II 2024"]
[Site "Online"]
[Date "2024.02.01"]
[Round "2"]
[White "Indjic, Aleksandar"]
[Black "shimastream"]
[Result "1/2-1/2"]
[ECO "A11"]
[WhiteElo "2595"]
[BlackElo "2630"]
[Annotator "ChessBase"]
[PlyCount "80"]
[EventDate "2024.01.12"]
[EventType "k.o."]
[EventCountry "NET"]
[SourceTitle "playchess.com"]
[Source "ChessBase"]
[SourceQuality "1"]
[TimeControl "600+2"]

1. Nf3 d5 2. e3 Nf6 3. c4 c6 4. Nc3 a6 5. b3 Bf5 6. h3 h6 7. Bb2 Nbd7 8. d4 e6 9. Bd3 Bb4 10. O-O O-O 11. Qc2 Bxd3 12. Qxd3 Re8 13. Rfd1 Qe7 14. a3 Ba5 15. Qc2 Rad8 16. Na4 Ne4 17. b4 Bc7 18. Nc5 Nd6 19. Nxd7 Qxd7 20. Ne5 Qe7 21. c5 Nf5 22. a4 Bxe5 23. dxe5 Qg5 24. Qe2 Rd7 25. g4 Ne7 26. f4 Qg6 27. Kh2 Kh8 28. Bd4 Qe4 29. Rf1 Rdd8 30. f5 g5 31. fxg6 Nxg6 32. Rf6 Kg7 33. Raf1 Rd7 34. Kg3 Rf8 35. Qf2 Rc7 36. Kh2 Rd7 37. Rg1 Rh8 38. Rf1 Rf8 39. Qg3 Rh8 40. Qf2 Rf8 1/2-1/2

[Event "CCT Chessable Masters Place D-II 2024"]
[Site "Online"]
[Date "2024.02.01"]
[Round "2"]
[White "Lysyj, Igor"]
[Black "LevonAronian"]
[Result "0-1"]
[ECO "E05"]
[WhiteElo "2589"]
[BlackElo "2732"]
[Annotator "TA"]
[PlyCount "102"]
[EventDate "2024.01.12"]
[EventType "k.o."]
[EventCountry "NET"]
[SourceTitle "playchess.com"]
[Source "ChessBase"]
[SourceQuality "1"]
[TimeControl "600+2"]

1. d4 Nf6 2. c4 e6 3. Nf3 d5 4. g3 Be7 5. Bg2 O-O 6. O-O dxc4 7. Ne5 Nc6 8. Nxc6 bxc6 9. Na3 Bxa3 10. bxa3 Ba6 11. Bxc6 {[%emt 0:00:02][%cal Od1a4] Qa4! would now be deadly. This pair of bishops is nice.} Rb8 $1 12. Qa4 Qc8 (12... Qxd4 $2 13. Be3 Qd6 14. Qxa6 $18) 13. Bg5 {[%emt 0:00:03] The position is equal.} Nd5 14. e4 Nb6 (14... Nc3 15. Qc2 Bb5 16. Bxb5 (16. Qxc3 Bxc6 17. Rfe1 f5 $15) 16... Nxb5 17. Qxc4 $16) 15. Qc2 {[%emt 0:00:01] Black is weak on the dark squares} Bb7 16. Bxb7 Qxb7 17. a4 Qc6 18. Rfc1 a5 19. Rab1 f5 20. Rb5 fxe4 21. Rxa5 Ra8 22. Rc5 Qxa4 23. Qxe4 (23. Rxc7 Qxa2 24. Rc6 Qxc2 25. Rxc2 Nd5 $16) 23... Qd7 24. Rc2 Rf5 25. Bf4 Rxc5 26. dxc5 Qd1+ 27. Kg2 Qd5 28. f3 Nd7 29. c6 Nf6 30. Qxc4 Qxc4 31. Rxc4 Rxa2+ $11 {[%emt 0:00:00][%mdl 4096] Endgame. KRB-KRN} 32. Kh3 Nd5 33. Be5 Re2 34. f4 Kf7 35. g4 $2 {[%emt 0:00:17][%mdl 8192] White does not recover from this.} (35. Ra4 $11) 35... Re3+ $1 $19 36. Kh4 Ne7 37. Rc3 (37. Bxc7 $2 Ng6+ 38. Kg5 h6+ 39. Kh5 Rh3#) 37... Ng6+ 38. Kh5 {[%emt 0:00:01] [#]} Nxf4+ $1 39. Kg5 Nh3+ ({Less strong is} 39... Rxe5+ 40. Kxf4 Kf6 41. Rd3 $19) (39... Nd3 {( -> ...h6+)} 40. Kh4 (40. Bxc7 $2 {is a self mate.} h6+ 41. Kh4 g5+ 42. Kh5 Rh3#) 40... g5+ (40... Rxe5 $2 41. Rxd3 Rd5 42. Rc3 $19) 41. Kxg5 Rxe5+ 42. Kh4 Nf4) 40. Kh4 Rxe5 41. Kxh3 {[%emt 0:00:01] KR-KR} Ke7 42. Kg3 g5 43. h4 h6 44. h5 Rd5 $1 45. Kf3 {[%emt 0:00:19] [#]} Rd4 $1 {[%emt 0:00:12] ...Kd6 is the strong threat.} 46. Kg3 $2 {[%emt 0:00:12] [#]} (46. Rb3) 46... e5 $1 ({Not} 46... Kd6 47. Rf3 Ke7 (47... Kxc6 48. Rf6 $11) 48. Rc3 $19) 47. Rc5 Ke6 48. Ra5 Rc4 49. Ra6 (49. Ra7 $142 Rxc6 50. Ra5) 49... Kd5 {[%emt 0:00:05] Black is clearly winning.} 50. Kf3 Rc3+ 51. Ke2 Rxc6 {[%emt 0:00:03] Weighted Error Value: White=0.36/Black=0.10 (very precise) .  Loses game:     	White=1     	---        Mistake:       	White=2     	Black=1      Inaccurate:     	White=1     	---        OK:         	White=15    	Black=18     Best:        	White=4     	Black=5      Strong:       	---       	Black=4      Brilliant:      	---       	Black=1} 0-1

[Event "CCT Chessable Masters Place D-II 2024"]
[Site "Online"]
[Date "2024.02.01"]
[Round "2"]
[White "kpio91"]
[Black "Micki-taryan"]
[Result "1-0"]
[ECO "D03"]
[WhiteElo "2409"]
[BlackElo "2634"]
[Annotator "NA"]
[PlyCount "121"]
[EventDate "2024.01.12"]
[EventType "k.o."]
[EventCountry "NET"]
[SourceTitle "playchess.com"]
[Source "ChessBase"]
[SourceQuality "1"]
[TimeControl "600+2"]

1. d4 Nf6 2. Bg5 d5 3. Nd2 Bf5 4. Ngf3 e6 5. Nh4 Bg4 6. h3 Bh5 7. g4 h6 8. Be3 Ne4 9. Ndf3 Be7 10. Ng2 Bg6 11. Nf4 Bh7 12. Bg2 O-O 13. h4 Nd7 14. g5 hxg5 15. hxg5 Bf5 16. Nh4 Bxg5 17. Nxf5 exf5 18. Nxd5 Nb6 19. Nxb6 Bxe3 20. Bxe4 axb6 21. Bxf5 Bh6 22. Qd3 Qf6 23. e3 Rfe8 24. c3 c5 25. Ke2 Re7 26. Rh3 b5 27. Rf3 Qb6 28. a3 cxd4 29. cxd4 b4 30. a4 Qc6 31. d5 Qd6 32. Rc1 g6 33. Bh3 Bg7 34. b3 Bc3 35. Bg2 Re5 36. Rh3 Rc8 37. Rch1 Rg5 38. Bf3 Re8 39. Qc4 Rf5 40. Qb5 Re7 41. Qd3 Re8 42. Kf1 Re7 43. Be4 Rfe5 44. Rh8+ Kg7 45. R1h7+ Kf6 46. Bf3 Rf5 47. Ke2 Kg5 48. Qc4 Kf6 49. Qh4+ Rg5 50. Rf8 Qe5 51. Qc4 Rf5 52. d6 Qxd6 53. Rhxf7+ Rxf7 54. Rxf7+ Kg5 55. Qg4+ Kh6 56. Qh3+ Rh5 57. Bxh5 gxh5 58. Qf5 Qd2+ 59. Kf1 Qd1+ 60. Kg2 h4 61. Rh7# 1-0